 Dungeon Crawl Stone Soup version 0.18.1-48-g4cf74bf (webtiles) character file.

25 Heedrag the Grave Robber (level 2, 0/19 HPs)
             Began as a Demonspawn Necromancer on Aug 1, 2016.
             Slain by an adder (2 damage)
             ... on level 2 of the Dungeon.
             The game lasted 00:02:58 (1118 turns).

Heedrag the Grave Robber (Demonspawn Necromancer)   Turns: 1118, Time: 00:02:58

Health: 0/19       AC:  2    Str:  8    XL:     2   Next: 86%
Magic:  0/5        EV: 12    Int: 16    God:
Gold:   70         SH:  0    Dex: 13    Spells: 1 memorised, 4 levels left

rFire  . . .     SeeInvis .     (no weapon)
rCold  . . .     Gourm    .     a - +0 robe
rNeg   . . .     Faith    .     (no shield)
rPois  .         Spirit   +     (no helmet)
rElec  .         Dismiss  .     (no cloak)
rCorr  .         Reflect  .     (no gloves)
SustAt .         Harm     .     (no boots)
MR     .....                    (no amulet)
Stlth  ++........               (no ring)
                                (no ring)

@: flying, very slightly contaminated, not resistant to hostile enchantments,
unstealthy
A: magic shield
a: no special abilities


You were on level 2 of the Dungeon.
You were not hungry.

You visited 1 branch of the dungeon, and saw 2 of its levels.

You collected 70 gold pieces.

Inventory:

Armour
 a - a +0 robe (worn)
Scrolls
 d - a scroll of immolation {unknown}
 e - a scroll of identify {unknown}
 i - 2 scrolls of teleportation {unknown}
 k - a scroll of blinking {unknown}
 l - 3 scrolls of enchant weapon {unknown}
Potions
 f - a potion of flight
 j - a potion of heal wounds {unknown}
Books
 b - a book of Necromancy

   Spells                             Type                      Level
   a - Pain                           Necromancy                   1
   b - Animate Skeleton               Necromancy                   1
   c - Vampiric Draining              Necromancy                   3
   d - Regeneration                   Charms/Necromancy            3
   e - Animate Dead                   Necromancy                   4
   f - Control Undead                 Necromancy                   4
Comestibles
 c - a bread ration
 g - 3 fruits
 h - 3 meat rations
 m - 2 chunks of flesh


   Skills:
 - Level 1.7 Dodging
 - Level 1.7 Stealth
 + Level 2.1 Spellcasting
 * Level 5.3 Necromancy


You had 4 spell levels left.
You knew the following spells:

 Your Spells              Type           Power        Failure   Level  Hunger
a - Pain                  Necr           ###.         2%          1    #......


Dungeon Overview and Level Annotations

Branches:
Dungeon (2/15)

Altars:
Elyvilon
Gozag

Shops:
D:2 *


Innate Abilities, Weirdness & Mutations

When hurt, damage is shared between your health and your magic reserves.


Message History

Tha adder be almost dead.
Tha adder bites ye.
* * * LOW HITPOINT WARNIN'
* * * Tha adder closely misses ye.
Drink which item? (? fer menu, 'sc ta quit) It was a potion o' flight.
Ye feel very buoyant.
Ye fly up inta tha air.
Tha adder closely misses ye.
Unknown command.
Drink which item? (? fer menu, 'sc ta quit) Okay, than.
Tha adder closely misses ye.
Castin': Pain Confirm wit' . or Enter, or press ? or * ta list all spells.
Aimin': Pain
Press: ? - help, Shift-Dir - straight line, f/p - adder
Aim: an adder (water, almost dead, chance ta defeat MR: 84%) Tha adder barely resists.
Tha adder misses ye.
Tha adder closely misses ye.
Tha adder bites ye.
Ye die...

####.#.# #.....# ....>..#
####### .###.### .###.# ♣♣♣
.....#####♣♣ ♣♣♣.♣♣♣ ♣####
.....#.....♣♣ ♣♣.....♣♣ ♣.....
.###........♣♣♣.......♣♣♣......
.###...≈≈≈...♣...≈≈≈...♣...≈≈≈.
..#...≈≈≈≈≈.....@S≈≈≈.....≈≈≈≈≈
......≈≈♣≈≈.....≈≈_≈≈.....≈≈♣≈≈
......≈≈≈≈≈...[.≈≈≈≈≈.....≈≈≈≈≈
.......≈≈≈...♣...≈≈≈...♣...≈≈≈.
#.#.#.......♣♣♣.......♣♣♣......
#.####.....♣♣ ♣♣.....♣♣ ♣.....
#.# #####♣♣ ♣♣♣.♣♣♣ ♣.... #.#
♣♣♣ #### ...


You could see an adder.

Vanquished Creatures
  A giant gecko (D:2)
  A ball python (D:1)
  3 hobgoblins (D:1)
  3 jackals (D:1)
  6 bats
  3 giant newts (D:1)
  2 goblins (D:1)
  4 kobolds (D:1)
  A rat (D:1)
24 creatures vanquished.

Notes
Turn   | Place    | Note
--------------------------------------------------------------
     0 | D:1      | Heedrag the Demonspawn Necromancer began the quest for the Orb.
     0 | D:1      | Reached XP level 1. HP: 13/13 MP: 3/3
   371 | D:1      | Gained mutation: When hurt, damage is shared between your health and your magic reserves. [demonic ancestry]
   371 | D:1      | Reached XP level 2. HP: 19/19 MP: 3/5
   532 | D:1      | Reached skill level 5 in Necromancy
  1006 | D:2      | Found an opulent altar of Gozag.
  1022 | D:2      | Found Gozag's Platinum Reserve.
  1089 | D:2      | Found a white marble altar of Elyvilon.
  1118 | D:2      | Slain by an adder

Skill      XL: |  1  2 |
---------------+-------+-----
Necromancy     | 5 |  5.3
Dodging        | |  1.7
Stealth        | |  1.7
Spellcasting   | |  2.1

Action                   || total
-------------------------++-------
Melee: Unarmed           ||    17
 Cast: Pain              ||    45
  Use: Potion            ||     1
  Eat: Chunk             ||     1
Armor: Robe              ||     3
Dodge: Dodged            ||    22
